 Dungeon Crawl Stone Soup version 0.31.0-11-ge490571c62 (webtiles) character file.

Game seed: 13735429405782392510

32 mopl the Caller (level 3, -1/19 HPs)
             Began as a Tengu Summoner on Jan 31, 2024.
             Killed from afar by Sigmund (7 damage)
             ... with a magic dart
             ... on level 2 of the Dungeon.
             The game lasted 00:02:15 (1856 turns).

mopl the Caller (Tengu Summoner)                    Turns: 1856, Time: 00:02:16

Health: -1/19      AC:  3    Str:  8    XL:     3   Next: 27%
Magic:  7/8        EV: 27    Int: 17    God:
Gold:   140        SH:  5    Dex: 14    Spells: 1/7 levels left

rFire   . . .        e - +0 short sword
rCold   . . .        (no shield)
rNeg    . . .        a - +0 robe
rPois   .            (helmet restricted)
rElec   .            (no cloak)
rCorr   .            m - +0 pair of gloves
SInv    .            (boots unavailable)
Will    .....        l - amulet of reflection
Stlth   ++           (no ring)
HPRegen 0.23/turn    (no ring)
MPRegen 0.11/turn

%: reflection, acrobat
@: acrobatic, unable to call your familiar
A: beak, talons 3, acrobatic
a: no special abilities


You were on level 2 of the Dungeon.
You visited 1 branch of the dungeon, and saw 2 of its levels.

You collected 140 gold pieces.

Inventory:

Hand Weapons
 e - a +0 short sword (weapon)
Missiles
 n - 2 poisoned darts
Armour
 a - a +0 robe (worn)
 m - a +0 pair of gloves (worn)
Jewellery
 l - an amulet of reflection (around neck)
Scrolls
 g - a scroll of teleportation {unknown}
 i - a scroll of brand weapon {unknown}
Potions
 b - a potion of magic
 c - 4 potions of curing {unknown}
 d - a potion of lignification {unknown}
 f - a potion of enlightenment {unknown}
 h - a potion of might {unknown}
 j - a potion of degeneration {unknown}
 k - a potion of attraction {unknown}


   Skills:
 - Level 2.1 Dodging
 - Level 2.0 Stealth
 + Level 2.7 Spellcasting
 + Level 5.5 Summonings


You had one spell level left.
You knew the following spells:

 Your Spells              Type           Power      Damage    Failure   Level
a - Summon Small Mammal   Summ           84%        N/A       1%          1
b - Call Imp              Summ           42%        N/A       2%          2
c - Call Canine Familiar  Summ           21%        N/A       5%          3

Your spell library contained the following spells:

 Spells                   Type           Power      Damage    Failure   Level
 Sandblast                Erth           4%         2d4       19%         1
 Passwall                 Erth           2%         N/A       47%         3
 Stone Arrow              Conj/Erth      4%         3d7       47%         3
 Summon Blazeheart Golem  Fire/Summ      11%        N/A       50%         4
 Summon Lightning Spire   Summ/Air       11%        N/A       50%         4
 Brom's Barrelling Bould  Conj/Erth      2%         2d3       87%         4


Dungeon Overview and Level Annotations

Branches:
Dungeon (2/15)

Altars:

Annotations:
D:2 Sigmund


Innate Abilities, Weirdness & Mutations

You have a beak for a mouth.
You have claws for feet.
You can magically evade attacks while moving or waiting.


Message History

Sigmund flickers and vanishes!
Deactivating autopickup; reactivate with Ctrl-A.
Your inugami hits something.
You hear a splashing noise.
Your inugami hits something. Something barely misses your inugami.
Your inugami splashes around in the water.
Your inugami hits something.
You hear a splashing noise.
Your inugami completely misses something.
A magic dart appears from out of thin air!
The magic dart hits your inugami!
Your inugami closely misses something.
Something closely misses your inugami.
Your inugami closely misses something.
Your inugami barely misses something.
You hear a splashing noise.
Your inugami hits something but does no damage.
You hear a splashing noise.
Your inugami hits something.
Your inugami hits something but does no damage.
Your inugami appears confused.
Your inugami closely misses something.
Something barely misses your inugami.
Your inugami barely misses something.
Something hits your inugami.
Your inugami splashes around in the water.
Your inugami seems less confused.
Your inugami barely misses something.
A magic dart appears from out of thin air!
The magic dart hits your inugami!
Your inugami dies!
Your inugami disappears in a puff of smoke!
A magic dart appears from out of thin air!
The magic dart hits you!
Your cerulean imp disappears in a puff of smoke!
A puff of flame appears from out of thin air!
The puff of flame hits you!
* * * LOW HITPOINT WARNING * * *
Something tries to affect you, but you resist.
A magic dart appears from out of thin air!
The magic dart hits you!
You die...

#.# #.# #.# #.#
########.#######.#
##..............)..
#..##+....#######.#
#..#...#..# #..<..
..#...##.####...##
#.#.#.............
#@#.####.##.#..###
#.#.#. ..## #..###
#.#.#.##+##+#.....
#.#.#.........####
#####.#...............
#.....####........#...
#.###{..#.........+...
#......P...P......#...
#....P~~.....P........


There were no monsters in sight!

Vanquished Creatures
  3 bats
  5 endoplasms (D:1)
  2 giant cockroaches
  4 goblins (D:1)
  3 hobgoblins
  A quokka (D:1)
  A ball python (D:1)
  2 frilled lizards (D:1)
  4 kobolds
  5 rats
30 creatures vanquished.

Notes
Turn   | Place    | Note
-------+----------+-------------------------------------------
     0 | D:1      | mopl the Tengu Summoner began the quest for the Orb.
     0 | D:1      | Reached XP level 1. HP: 10/10 MP: 4/4
   161 | D:1      | Reached skill level 5 in Summonings
   190 | D:1      | Reached XP level 2. HP: 15/15 MP: 6/6
   255 | D:1      | Learned a level 2 spell: Call Imp
   684 | D:1      | Reached XP level 3. HP: 19/19 MP: 7/7
   744 | D:1      | Learned a level 3 spell: Call Canine Familiar
  1819 | D:2      | Noticed Sigmund
  1856 | D:2      | Killed from afar by Sigmund

Illustrated notes

Levels and vault maps discovered:
D:1:      sevenhm_arrival_forest_fort_small_4, layout_loops_corners
D:2:      layout_basic, serial_co_window_serial, co_window_cross_1,
          co_window_of_opportunity_a, co_window_corner_a, co_window_corner_a,
          co_window_paths_a, co_window_paths_c, co_window_unsneaky_path_b,
          co_window_of_opportunity_b, co_window_corner_ca, co_window_broadway_a,
          co_window_2corner, co_window_broadway_b, glass_columns_a,
          guppyfry_early_lair_pool, uniq_sigmund

Skill      XL: |  1 |
---------------+----+-----
Summonings     | 5 |  5.5
Dodging        | |  2.1
Stealth        | |  2.0
Spellcasting   | |  2.7

Action                     || total
---------------------------++-------
  Melee: Unarmed           ||    59
         Peck              ||    20
         Kick              ||    24
         Punch             ||     1
         Short sword       ||    55
   Cast: Call Imp          ||     1
         Call Canine Famil ||     1
   Stab: Sleeping          ||     1
 Armour: Robe              ||    52
  Dodge: Dodged            ||    94
  Block: Other             ||     7
